 Dungeon Crawl Stone Soup version 0.16-a0-100-g0188e4c (webtiles) character file.

126 Nordron the Ruffian (level 4, -6/61 HPs)
             Began as a Draconian Monk on Aug 9, 2014.
             Killed by divine providence
             ... invoked by an orc priest
              (15 damage)
             ... on Level 3 of the Dungeon.
             The game lasted 00:19:05 (2293 turns).

Nordron the Ruffian (Draconian Monk)                Turns: 2293, Time: 00:19:06

HP  -6/61        AC 22     Str 12 (14) XL: 4   Next: 84%
MP   4/4         EV  2     Int 11      God:
Gold 195         SH  0     Dex 18      Spells:  0 memorised,  3 levels left

rFire  . . .     SeeInvis .     e - +0 short sword (holy)
rCold  . . .     Clarity  .     (armour unavailable)
rNeg   + + +     rCorr    .     (no shield)
rPois  +         rRot     .     (helmet restricted)
rElec  .         Spirit   .     (cloak currently unavailable)
SustAb .         Warding  .     (gloves currently unavailable)
rMut   .         NoTele   +     (boots currently unavailable)
Gourm  .                        (no amulet)
MR     .....                    (no ring)
                                (no ring)

@: agile, tree-form, not resistant to hostile enchantments, stealthy
A: unfitting armour, (cold-blooded), AC +5
a: no special abilities


You were on level 3 of the Dungeon.
You were not hungry.
You were an animated tree.
You visited 1 branch of the dungeon, and saw 3 of its levels.

You collected 195 gold pieces.

Inventory:

Hand weapons
 e - a +0 short sword of holy wrath (weapon)
 j - a +0 hunting sling
Missiles
 k - 19 sling bullets of flame
 o - 20 poisoned needles
Comestibles
 a - 3 fruits
 b - 3 bread rations
 f - 3 meat rations
 q - 2 chunks of hobgoblin flesh
Scrolls
 c - 3 scrolls of identify
 d - a scroll of enchant armour {unknown}
 i - a scroll of fear {unknown}
 m - 3 scrolls of remove curse
 n - a scroll of enchant weapon {unknown}
 p - a scroll of recharging {unknown}
Potions
 h - a potion of lignification


   Skills:
 + Level 4.3 Fighting
 + Level 1.3 Short Blades
 + Level 3.5 Dodging
 + Level 2.1 Stealth
 + Level 4.5 Unarmed Combat


You had 3 spell levels left.
You didn't know any spells.

Dungeon Overview and Level Annotations

Branches:
Dungeon (3/15)

Altars:


Innate Abilities, Weirdness & Mutations

((Your plain brown scales are hard (AC +5).))
Your body does not fit into most forms of armour.
((Your cold-blooded metabolism reacts poorly to cold.))


Message History

The orc hits you but does no damage.
You feel agile all of a sudden.
It was a potion of agility.
The orc hits you but does no damage.
There was something very wrong with that liquid!
You feel weakened.
It was a potion of degeneration.
The orc hits you but does no damage.
You barely miss the orc.
The orc is almost dead.
You closely miss the orc.
The orc is almost dead.
The orc hits you but does no damage.
You closely miss the orc.
The orc is almost dead.
The orc hits you but does no damage.
You hit the orc.
You kill the orc!
You closely miss the orc priest.
The orc priest mumbles some strange prayers to Beogh against you.
Something smites you!
You die...

#.......# #.#####.#
#.#####.### #
#.#.......####### #.
#.#+###.#.#...... #.##
#.......#.#.##### ##+#...
#....##.#.#.##
........###....####.#..####
.......ooo♣....##..........
........####...)......)....
$....## #....<...###....
.... #######.......+....
... ...........#.###.(.. .
####.....##.# #....
#.....##.# #....
########.###.... #...<#####


You could see an orc priest and 2 orcs.

Vanquished Creatures
  Jessica (D:2)
  3 adders (D:2)
  A giant mite (D:2)
  A worm (D:2)
  2 giant geckos
  An ooze (D:1)
  2 orcs (D:3)
  6 bats
  6 giant cockroaches
  9 goblins
  8 hobgoblins
  7 jackals
  7 kobolds
  5 quokkas (D:2)
  2 giant newts (D:2)
  2 rats
63 creatures vanquished.

Notes
Turn   | Place    | Note
--------------------------------------------------------------
     0 | D:1      | Nordron, the Draconian Monk, began the quest for the Orb.
     0 | D:1      | Reached XP level 1. HP: 19/19 MP: 1/1
    95 | D:1      | Reached XP level 2. HP: 23/26 MP: 2/2
   404 | D:1      | Reached XP level 3. HP: 13/33 MP: 3/3
  1242 | D:2      | Noticed Jessica
  1295 | D:2      | Killed Jessica
  1295 | D:2      | Reached skill level 1 in Short Blades
  1295 | D:2      | Reached XP level 4. HP: 15/40 MP: 4/4
  2293 | D:3      | Killed from afar by an orc priest

Action                   |  1- 3 |  4- 6 || total
-------------------------+-------+-------++-------
Melee: Spear             |    16 |       ||    16
       Unarmed           |     4 |       ||     4
       Short sword       |   117 |   127 ||   244
  Use: Potion            |       |     3 ||     3
       Scroll            |       |     2 ||     2
 Stab: Sleeping          |     2 |       ||     2
  Eat: Chunk             |     1 |     2 ||     3
       Royal jelly       |       |     1 ||     1
